 Dungeon Crawl Stone Soup version 0.27.1-3-gb3d3a73c9e (webtiles) character file.

Game seed: 636627294503876135

61 ABBCCCDDDD the Sneak (level 4, 0/43 HPs)
             Began as an Octopode Enchanter on Oct 9, 2021.
             Succumbed to an adder's poison
             ... on level 3 of the Dungeon.
             The game lasted 00:02:53 (2019 turns).

ABBCCCDDDD the Sneak (Octopode Enchanter)           Turns: 2019, Time: 00:02:54

Health: 0/43       AC: 22    Str:  5 (7)  XL:     4   Next: 7%
Magic:  7/7        EV:  2    Int: 17 (18) God:
Gold:   73         SH:  0    Dex:  9 (12) Spells: 4/7 levels left

rFire    . . .     SeeInvis .   a - +0 dagger (venom)
rCold    . . .     Faith    .   (no shield)
rNeg     + + +     Spirit   .   (helmet currently unavailable)
rPois    +         Reflect  .   (no amulet)
rElec    .         Harm     .   g - ring of willpower
rCorr    .         Rampage  .   (no ring)
Will     +....     NoTele   +   (no ring)
Stlth    ++........             (no ring)
HPRegen  0.14/turn              (no ring)
MPRegen  0.10/turn              (no ring)
                                (no ring)
                                (no ring)

@: lethally poisoned (0 -> -2), tree-form
A: stationary, stasis, torment immunity, boosted hp, almost no armour,
(amphibious), 8 rings, (camouflage 1), (gelatinous body 1), (nimble swimmer 1),
(tentacles)
a: no special abilities


You were on level 3 of the Dungeon.
You were a tree.
You visited 1 branch of the dungeon, and saw 3 of its levels.

You collected 73 gold pieces.

Inventory:

Hand Weapons
 a - a +0 dagger of venom (weapon)
 b - a +0 trident
Jewellery
 g - a ring of willpower (left branch)
Scrolls
 c - 2 scrolls of amnesia {unknown}
 e - a scroll of holy word {unknown}
 i - a scroll of enchant weapon {unknown}
 j - a scroll of enchant armour {unknown}
Potions
 k - a potion of curing {unknown}


   Skills:
 + Level 1.7 Fighting
 + Level 1.5 Short Blades
 - Level 2.0 Dodging
 + Level 4.8 Stealth
 - Level 2.0 Spellcasting
 + Level 3.5 Hexes
 + Level 0.4 Ice Magic


You had 4 spell levels left.
You knew the following spells:

 Your Spells              Type           Power      Damage    Failure   Level
a - Corona                Hex            14%        N/A       4%          1
b - Ensorcelled Hibernat  Hex/Ice        16%        N/A       13%         2

Your spell library contained the following spells:

 Spells                   Type           Power      Damage    Failure   Level
 Confusing Touch          Hex            13%        N/A       14%         3
 Tukima's Dance           Hex            13%        N/A       14%         3
 Dazzling Flash           Conj/Hex       14%        N/A       28%         3


Dungeon Overview and Level Annotations

Branches:
Dungeon (3/15)

Altars:
Xom

Portals:
Sewer: D:3


Innate Abilities, Weirdness & Mutations

You are a tree.
Your roots penetrate the ground, keeping you stationary.
You cannot be teleported.
You are immune to unholy pain and torment.
Your maximum health is greatly increased.
You cannot wear most types of armour.
((You are amphibious.))
You can wear up to eight rings at the same time.
((Your skin changes colour to match your surroundings (Stealth+).))
((Your rubbery body absorbs attacks. (AC +1, EV +1)))
((You are camouflaged near water. (Stealth+)))
((You have tentacles for arms and can constrict up to eight enemies at once.))


Message History

The gnoll shouts!
The adder hisses angrily.
The gnoll splashes around in the water.
There is a glowing drain here.
The gnoll hits you from afar with a +0 spear.
The gnoll splashes around in the water. x2
The gnoll splashes around in the water.
Found 16 poisoned darts.
The orc wizard mumbles some strange words.
The orc wizard flickers and vanishes!
Deactivating autopickup; reactivate with Ctrl-A.
The adder bites you.
You are poisoned.
The adder poisons you!
You see here 16 poisoned darts.
You closely miss the adder. Your grab misses the adder.
You hear the rusting of a drain very nearby.
You feel sick. The adder closely misses you.
You barely miss the adder. Your grab misses the adder.
Your squeeze misses the adder.
You feel sick. The adder bites you.
You barely miss the adder. You grab the adder. You constrict the adder.
You feel sick. The adder bites you.
You are more poisoned.
The adder poisons you! The gnoll hits you with a +0 whip!
You release your grip on the adder.
You feel sick.
An endoplasm comes into view.
You feel sick. The adder bites you.
* * * LOW HITPOINT WARNING * * *
It was a potion of lignification.
You turn into a tree.
Your roots penetrate the ground.
* * * LOW HITPOINT WARNING * * *
You feel sick.
The gnoll shouts!
The adder bites you but does no damage.
It was a potion of degeneration.
There was something very wrong with that liquid.
You feel weakened.
You feel dopey.
You feel clumsy.
* * * LOW HITPOINT WARNING * * *
You feel sick. The adder bites you but does no damage.
It was a potion of flight.
Your roots keep you in place.
You die...

########.
##########r........
..Jg...♣SgBg# #..
.##########o# ...
####.###.#
##...B....# #
##..#g..#..#.#
#...g≈gg{.....#
#.#≈≈≈≈≈≈g#oo....
##..≈≈≈o≈≈≈≈........
....≈≈≈∩≈≈≈.........


You could see 3 gnolls, an adder, an orc, an endoplasm (wandering), a giant
cockroach and a rat.

Levels and vault maps discovered:
D:1:      wander_arrival_chamber, layout_rooms
D:2:      layout_basic, basic_altar, hangedman_feature_mirror
D:3:      layout_rooms, marbit_many_paths,
          shapermc_ecumenical_altar_starsandcircs, cheibrodos_sewer_entry_drain

Notes
Turn   | Place    | Note
-------+----------+-------------------------------------------
     0 | D:1      | ABBCCCDDDD the Octopode Enchanter began the quest for the
                  | Orb.
     0 | D:1      | Reached XP level 1. HP: 11/11 MP: 3/3
   239 | D:1      | Reached XP level 2. HP: 9/18 MP: 5/5
   451 | D:1      | Reached skill level 1 in Fighting
   999 | D:2      | Reached XP level 3. HP: 23/23 MP: 6/6
  1076 | D:2      | Learned a level 2 spell: Ensorcelled Hibernation
  1154 | D:2      | Found a shimmering altar of Xom.
  1866 | D:3      | Reached XP level 4. HP: 24/29 MP: 7/7
  1993 | D:3      | Found a glowing drain.
  2017 | D:3      | HP: 2/43 [poisoned by an adder]
  2019 | D:3      | Succumbed to an adder's poison

Table legend: (Time is in decaauts)
 A = Elapsed time spent in this place.
 B = Non-inter-level travel time spent in this place.
 C = Inter-level travel time spent in this place.
 D = Time resting spent in this place.
 E = Time spent auto-exploring this place.
 F = Levels seen in this place.
 G = Mean time per level.
                   A        B        C        D        E       F      G
               +--------+--------+--------+--------+--------+-----+--------+
         Total |   2013 |   1979 |     34 |    146 |   1517 |   3 |  671.0 |
       Dungeon |   2013 |   1979 |     34 |    146 |   1517 |   3 |  671.0 |
               +--------+--------+--------+--------+--------+-----+--------+

Top non-repeatable levels by time:
     D:2: 950 daAuts
     D:1: 905 daAuts
     D:3: 158 daAuts

Table legend:
 A = Kills in this place as a percentage of kills in entire the game.
 B = Kills by you in this place as a percentage of kills by you in the entire game.
 C = Kills by friends in this place as a percentage of kills by friends in the entire game.
 D = Other kills in this place as a percentage of other kills in the entire game.
 E = Experience gained in this place as a percentage of experience gained in the entire game.
 F = Experience gained in this place divided by the number of levels of this place that you have seen.
                   A       B       C       D       E      F
               +-------+-------+-------+-------+-------+----------------------
         Total | 100.0 | 100.0 |   N/A |   N/A | 100.0 |  29.3
       Dungeon | 100.0 | 100.0 |   N/A |   N/A | 100.0 |  29.3
               +-------+-------+-------+-------+-------+----------------------

Action                   |  1- 3 |  4- 6 || total
-------------------------+-------+-------++-------
Melee: Dagger            |    61 |     6 ||    67
       Constrict         |    16 |     2 ||    18
       Tentacles         |     7 |     1 ||     8
 Cast: Corona            |     4 |       ||     4
  Use: Potion            |       |     3 ||     3
 Stab: Sleeping          |    12 |     1 ||    13
Armor: Skin              |     4 |     2 ||     6
Dodge: Dodged            |    32 |     4 ||    36

Vanquished Creatures
  2 adders (D:2)
  A dart slug (D:2)
  An orc (D:3)
  3 endoplasms
  8 goblins
  2 hobgoblins (D:2)
  5 quokkas
  4 ball pythons (D:1)
  4 bats
  5 frilled lizards
  3 rats
38 creatures vanquished.
